Cogmind - Beta 17.1 @@@ ROGUE MODE // 2026.09.22 @ 19:01:38 Player: Kotyk77 Result: Destroyed by as-57395 with Assembled Rifle Performance ------------- Evolutions (0) 0 Regions Visited (2) 400 Robots Destroyed (23) 115 Value Destroyed (500) 500 Prototype IDs (0) 0 Alien Tech Used (0) 0 Bonus (0) 0 TOTAL SCORE: 1015 Bonus ------- None Cogmind --------- Core Integrity 0/250 Matter 291/300 Energy 250/250 System Corruption 0% Temperature Cool (92) Movement Walking (190) Ox1 Location -10/Mines Parts ------- > --- POWER (1) -------- Ion Engine > --- PROPULSION (2) --- Aluminum Leg Aluminum Leg > --- UTILITY (2) ------ Large Storage Unit > --- WEAPON (2) ------- Medium Laser > --- INVENTORY (15) --- Ion Engine Light Ion Engine Aluminum Leg Aluminum Leg Aluminum Leg Aluminum Leg Aluminum Leg Aluminum Leg Large Matter Pod (60) Utility Shielding Hacking Suite Grenade Launcher Datajack Mining Laser Peak State ------------ > --- POWER ------------ Ion Engine > --- PROPULSION ------- Aluminum Leg Aluminum Leg > --- UTILITY ---------- Medium Storage Unit Seismic Detector > --- WEAPON ----------- EM Pulse Gun Assault Rifle > --- INVENTORY -------- Ion Engine Light Ion Engine Small Storage Unit Large Storage Unit Hacking Suite Medium Laser Grenade Launcher Mining Laser [Rating: 8] Favorites ----------- Power Ion Engine Engine Ion Engine Propulsion Aluminum Leg Leg Aluminum Leg Utility Large Storage Unit Device Seismic Detector Storage Large Storage Unit Protection Utility Shielding Weapon Assault Rifle Energy Gun EM Pulse Gun Ballistic Gun Assault Rifle Launcher Grenade Launcher Special Weapon Mining Laser Build | -11 -10 -10 ------- Run | Yrd Mat Min Slots Evolved . | . . . Power . | . . . Propulsion . | . . . Utility . | . . . Weapon . | . . . Parts Attached 28 | 8 17 3 Power 4 | 2 2 . Engine 4 | 2 2 . Core . | . . . Reactor . | . . . Propulsion 9 | 2 6 1 Treads . | . . . Leg 9 | 2 6 1 Wheel . | . . . Hover . | . . . Flight . | . . . Utility 7 | 2 4 1 Device 3 | 1 1 1 Storage 3 | 1 2 . Processor . | . . . Hackware . | . . . Protection 1 | . 1 . Artifact . | . . . Weapon 8 | 2 5 1 Energy Gun 2 | 1 . 1 Energy Cannon . | . . . Ballistic Gun 3 | 1 2 . Ballistic Cannon . | . . . Launcher 1 | . 1 . Special Weapon 2 | . 2 . Impact Weapon . | . . . Slashing Weapon . | . . . Piercing Weapon . | . . . Special Melee Weapon . | . . . Unidentified Prototypes . | . . . Parts Lost 6 | . 2 4 Power . | . . . Propulsion . | . . . Utility 2 | . 1 1 Weapon 4 | . 1 3 Highest Loss Streak 4 | . 1 4 To Critical Strikes . | . . . Average Backups 11 | 1 11 14 Power 2 | . 2 2 Propulsion 2 | . 2 5 Utility 3 | . 3 3 Weapon 3 | . 3 3 Tool/Special . | . . . Unused Backups 7 | . 1 6 Power 1 | . . 1 Propulsion 3 | . 1 2 Utility 2 | . . 2 Weapon . | . . . Tool/Special 1 | . . 1 Average Slot Usage (%) 98 | . 99 95 Engine 14 | . 14 14 Leg 27 | . 27 28 Device 9 | . 8 11 Storage 14 | . 14 14 Protection 4 | . 5 . Energy Gun 3 | . 3 4 Ballistic Gun 21 | . 21 21 Special Weapon 2 | . 2 . Peak Build Rating 8 | 7 8 8 Average Rating 7 | 5 7 7 On Entrance 5 | . 7 8 Avg Prop Armor Cover (%) . | . . . Naked Turns . | . . . Heaviest Build 29 | 15 29 29 Greatest Support 20 | 20 20 20 Greatest Overweight (x) 5 | . 5 1 Average Overweight (x) . | . . 1 Largest Inventory Capacity 15 | 8 15 15 Average Capacity 12 | 6 12 15 Most Carried 15 | 3 15 15 Average Carried 11 | 1 11 14 Final Capacity 15 | 8 15 15 Final Carried 15 | 3 15 14 Class Distribution -------------------- 100% | Mutant Dominant Class ---------------- Mutant | -10/Materials Mutant | -10/Mines Resources | -11 -10 -10 ----------- Run | Yrd Mat Min Matter Collected 921 | 223 554 144 Remotely . | . . . Salvage Created 716 | 18 540 158 Parts 55 | 4 45 6 Haulers Intercepted 1 | . 1 . Recyclers Shooed 2 | . 2 . Parts Field Recycled . | . . . Retrieved Matter . | . . . Parts Self-Destructed . | . . . Prevented . | . . . Parts Restored . | . . . Kills | -11 -10 -10 ------- Run | Yrd Mat Min Combat Hostiles Destroyed 17 | . 13 4 Guns 14 | . 10 4 AOE 3 | . 3 . Classes Destroyed 10 | 1 7 2 Builder 1 | . 1 . Tunneler 1 | 1 . . Hauler 1 | . 1 . Recycler 1 | . 1 . Operator 1 | . 1 . Watcher 2 | . 2 . Swarmer 6 | . 6 . Grunt 9 | . 7 2 Demolisher 1 | . . 1 Assembled 1 | . . 1 Best Kill Streak 4 | 1 4 2 Combat Bots Only 3 | . 3 2 Max Kills in Single Turn 2 | 1 2 1 Gunslinging . | . . . Exploded 1 | . 1 . Melee . | . . . Uniques/NPCs Destroyed . | . . . Combat | -11 -10 -10 -------- Run | Yrd Mat Min Hostile Shots Fired 101 | . 57 44 Missed 22 | . 15 7 Hits 79 | . 42 37 Projectile 79 | . 42 37 AOE 8 | . . 8 Critical Strikes 1 | . . 1 Damage Taken 1157 | . 441 716 Core 251 | . 81 170 Absorbed by Shields . | . . . Core Remaining (%) 100 | 100 . . Volleys Fired 89 | 1 69 19 Largest 2 | 2 2 2 Hottest 100 | 60 100 70 Shots Fired 161 | 2 124 35 Gun 149 | 2 112 35 Cannon . | . . . Launcher 4 | . 4 . Special 8 | . 8 . Kinetic 114 | 1 93 20 Thermal 23 | . 8 15 Explosive 4 | . 4 . Electromagnetic 20 | 1 19 . Robot Hit Streak 13 | 1 12 13 Robot Miss Streak 4 | . 4 1 Penetration Max . | . . . Secondary Targets 2 | . 1 1 Max Gunslinging Chain 1 | . 1 1 Shots Hit Robots 99 | 1 67 31 Core Hits 49 | 1 35 13 Critical Kills . | . . . Critical Parts Destroyed . | . . . Critical Strikes 4 | . 2 2 Burn 2 | . . 2 Corrupt 2 | . 2 . Melee Attacks . | . . . Impact . | . . . Slashing . | . . . Piercing . | . . . Sneak Attacks . | . . . Combat Hostiles . | . . . Follow-up Attacks . | . . . Damage Inflicted 1336 | 25 993 318 Guns 1048 | 25 705 318 Cannons . | . . . Explosions 288 | . 288 . Melee . | . . . Ramming . | . . . Kinetic 742 | 13 576 153 Thermal 165 | . . 165 Explosive 288 | . 288 . Electromagnetic 141 | 12 129 . Impact . | . . . Slashing . | . . . Piercing . | . . . Highest Corruption . | . . . Average Corruption . | . . . Corruption Purged . | . . . Corruption Blocked . | . . . Overload Shots . | . . . Overflow Damage . | . . . Projectiles . | . . . Explosions . | . . . Melee . | . . . Knockbacks . | . . . Impact . | . . . Kinetic . | . . . Secondary . | . . . Self-Inflicted Damage 16 | . 16 . Shots 1 | . 1 . Rammed . | . . . Targets Rammed . | . . . Kicked . | . . . Crushed . | . . . Highest Temperature 138 | . 54 138 Average Temperature 35 | . 16 57 Received Heat Transfer 369 | . 174 195 Siege Activations . | . . . Martial Activations . | . . . Shielding Activations . | . . . Robots Disrupted . | . . . Combat Hostiles . | . . . Robots Corrupted . | . . . Combat Hostiles . | . . . Parts Fried . | . . . Impact Corruptions . | . . . Robots Melted . | . . . Combat Hostiles . | . . . Parts Melted 1 | . . 1 Heat Transferred 629 | . . 629 Parts Sabotaged . | . . . Parts Stolen . | . . . Parts Stripped . | . . . Power Chain Reactions . | . . . Alert | -11 -10 -10 ------- Run | Yrd Mat Min Maximum Alert Level . | . . . Low Security (%) 100 | 100 100 100 Level 1 . | . . . Level 2 . | . . . Level 3 . | . . . Level 4 . | . . . Level 5 . | . . . High Security . | . . . Max Security . | . . . Peak Influence 193 | 5 193 40 Initial 36 | . . 36 Average 84 | . 98 16 Influence Increases 551 | 5 451 95 Destroy 0b10 Robot/C 320 | . 260 60 Destroy 0b10 Robot/NC 35 | 5 30 . Destroy Leader 76 | . 56 20 Successful Hack 5 | . 5 . Select Force Hacks 30 | . 30 . Destroy Structure 25 | . 25 . Lose Combat Pursuer 60 | . 45 15 Influence Decreases 531 | 5 358 168 Entered New Map 57 | . . 57 Time Decay 419 | 5 338 76 Lost Part 55 | . 20 35 Squads Dispatched 3 | . 3 . Investigation 1 | . 1 . Extermination . | . . . Reinforcement 2 | . 2 . Assault . | . . . Garrison . | . . . Intercept . | . . . Searches Triggered . | . . . Construction Impeded . | . . . Haulers Reinforced . | . . . Active Scanning Responses . | . . . Cargo Convoy Interrupts . | . . . Stealth | -11 -10 -10 --------- Run | Yrd Mat Min Distress Signals 3 | . 3 . Communications Jammed . | . . . Distress Signals . | . . . Times Spotted 36 | . 28 8 Peak Tracking Total 5 | . 5 4 Tactical Retreats 3 | . 2 1 Traps | -11 -10 -10 ------- Run | Yrd Mat Min Traps Triggered 5 | . 5 . Indirectly . | . . . Trap Hack Attempts . | . . . Triggered . | . . . Disarmed . | . . . Reprogrammed . | . . . Reused . | . . . Traps Extracted . | . . . Installed . | . . . Triggered . | . . . Machines | -11 -10 -10 ---------- Run | Yrd Mat Min Machines Disabled . | . . . Max in Single Turn . | . . . Machines Repaired . | . . . Machines Dismantled . | . . . Machines Sabotaged . | . . . Overloaded Fab Kills . | . . . Hacking | -11 -10 -10 --------- Run | Yrd Mat Min Machines Accessed 3 | . 3 . Terminals 2 | . 2 . Fabricators . | . . . Repair Stations . | . . . Recycling Units 1 | . 1 . Scanalyzers . | . . . Garrison Access . | . . . Total Hacks 8 | . 8 . Successful 5 | . 5 . Failed 3 | . 3 . Catastrophic . | . . . Database Lockouts . | . . . Manual 9 | . 9 . Terminals 7 | . 7 . Fabricators . | . . . Repair Stations . | . . . Recycling Units 1 | . 1 . Scanalyzers . | . . . Garrison Access . | . . . Terminal Hacks 2 | . 2 . Robot Analysis 2 | . 2 . Fabricator Hacks . | . . . Repair Station Hacks . | . . . Recycling Unit Hacks . | . . . Scanalyzer . | . . . Garrison Access Hacks . | . . . Unauthorized Hacks 3 | . 3 . Terminals 2 | . 2 . Botnet 2 | . 2 . Fabricators . | . . . Repair Stations . | . . . Recycling Units 1 | . 1 . Tunnel 1 | . 1 . Scanalyzers . | . . . Garrison Access . | . . . Data Cores Recovered 1 | . 1 . Used . | . . . Hacking Detections 1 | . 1 . Full Trace Events . | . . . Feedback Events . | . . . Feedback Blocked . | . . . Robot Schematics Acquired . | . . . Robots Built . | . . . Authchips . | . . . Time . | . . . Total Robot Build Rating . | . . . Part Schematics Acquired . | . . . Parts Built . | . . . Authchips . | . . . Time . | . . . Total Part Build Rating . | . . . Part Studies Acquired . | . . . Parts Repaired . | . . . Time . | . . . Parts Recycled . | . . . Recycled Matter . | . . . Retrieved Matter . | . . . Retrieved Components . | . . . Parts Scanalyzed . | . . . Part Schematics Acquired . | . . . Parts Damaged . | . . . Bothacking | -11 -10 -10 ------------ Run | Yrd Mat Min Used RIF Installer . | . . . Robots Hacked . | . . . Non-combat . | . . . Combat . | . . . Robot Hacks Applied . | . . . Relay Couplers Released . | . . . Fabnet Peak Effective % . | . . . Robots Rewired . | . . . Allies Hacked . | . . . Hacks Repelled . | . . . Allies | -11 -10 -10 -------- Run | Yrd Mat Min Total Allies . | . . . Largest Group . | . . . Highest-Rated Group . | . . . Highest-Rated Ally . | . . . Total Orders . | . . . Ally Attacks . | . . . Total Damage . | . . . Kills . | . . . Allies Corrupted . | . . . Allies Melted . | . . . Intel | -11 -10 -10 ------- Run | Yrd Mat Min Active Infowar (turns) 903 | 11 752 140 Terrain 140 | . . 140 Seismic 763 | 11 752 . Robot Analysis Total 2 | . 2 . Derelict Logs Recovered . | . . . Drone Launches . | . . . Drone Recoveries . | . . . Exploration | -11 -10 -10 ------------- Run | Yrd Mat Min Turns Passed 1430 | 70 1197 163 Spaces Moved 675 | 48 572 55 Core 6 | 5 1 . Treads . | . . . Legs 669 | 43 571 55 Wheels . | . . . Hover . | . . . Flight . | . . . Fastest Speed 50 | 50 120 190 Average Speed 148 | 112 147 190 Slowest Speed 300 | 120 300 190 Overloaded Moves . | . . . Propulsion Burnouts . | . . . Robots Hopped . | . . . Potential Cave-ins . | . . . Cave-ins Triggered . | . . . Exploration Rate (%) 31 | 2 66 27 Regions Visited 2 Branch Regions 1 Pre-discovered Areas 1 | . 1 . Known Exits Taken . | . . . Unknown Exits Taken 2 | 1 1 . Scrap Searched . | . . . Spaces Dug 7 | . 7 . Terrain Destroyed 42 | . 42 . Melee . | . . . Projectile 7 | . 7 . AOE 35 | . 35 . Terrain Rammed . | . . . Walls Destroyed . | . . . Machines Disabled . | . . . Actions | -11 -10 -10 --------- Run | Yrd Mat Min Total 928 | 58 789 81 Wait 94 | . 91 3 Move 673 | 47 571 55 Hop . | . . . Pick Up 17 | 2 15 . Fast Attach 19 | 7 12 . Attach 4 | . 2 2 Detach . | . . . Swap 20 | 1 17 2 Drop 12 | . 12 . Fire 89 | 1 69 19 Melee . | . . . Ram . | . . . Kick . | . . . Crush . | . . . Escape Stasis . | . . . Rewire . | . . . Trap . | . . . Miscellaneous . | . . . Route ------- -11/Scrapyard -10/Materials (discovered 4 exits: [*Mat x2] / [*Min] / [*Sub]) -10/Mines History --------- Turn | Location | Event 11 | -11/Scrapyard | Discovered new exit (range 15) 71 | -11/Scrapyard | Entered Materials 125 | -10/Materials | Discovered new exit (range 9) 316 | -10/Materials | Build established: Mutant 340 | -10/Materials | Discovered new exit (range 6) 496 | -10/Materials | Discovered new exit (range 16) 557 | -10/Materials | Discovered new exit (range 13) 971 | -10/Materials | Derelicts attacked the area 1268 | -10/Materials | Entered Mines 1330 | -10/Mines | Assembled infested the area 1379 | -10/Mines | Core integrity fell below 50% 1415 | -10/Mines | Core integrity fell below 20% 1431 | -10/Mines | Destroyed by as-57395 with Assembled Rifle Last Messages --------------- 01388_ Lgt. Assault Rifle destroyed. 01394_ G-47 Trooper destroyed. 01397_ Acquired 58 matter. 01401_ K-01 Serf destroyed. 01405_ The unstable cave ceiling collapses. 01405_ K-01 Serf collects debris. 01406_ The unstable cave ceiling collapses. 01408_ Terrain Scanner destroyed. 01408_ D-53 Grenadier destroyed. 01409_ K-01 Serf collects debris. 01415_ The unstable cave ceiling collapses. 01415_ D-53 Grenadier destroyed. 01415_ Switching to secondary target: as-91455. 01417_ The unstable cave ceiling collapses. 01417_ K-01 Serf collects debris. 01418_ The unstable cave ceiling collapses. 01421_ as-91455 suffers critical hit (Burn). 01421_ as-91455 destroyed. 01424_ The unstable cave ceiling collapses. 01429_ Lgt. Assault Rifle destroyed. Map ----- +----------------------------------------------------+ | ???????????????????????#??# ##?????????????????? | | ??????????????????????????# ######## ??????? | | ??????????????????????????# #?????? | | ????????????????????????#?## """ #??????? | | ??????????????# ???#???????## """ #???????? | | ??????????????# ???????????## """ #???????? | | ??????????????# #?????####?## #??????? | | ?????????????## ###### ### ## #??????? | | ?????????????# ##?### ##??????? | | ?????????????# ##???????##???????? | | ??????????????# ##?????????????????? | | ???????????????#### ##??????????????????? | | ?????????????????#### ##??????????#????????? | | ????????????????????## ###??????????????????? | | ?????????????????????# ##??????????????????? | | ?????????????????????## #?#? ??????????????? | | ????????????????????#?## #??????????????????? | | ??????????????????????## ####???????????????? | | ????????????????#????## #???????????????? | | ??????????????#?#???## ] ###??#??????????? | | ??????????????#?????# %= #?????????????? | | ????????????????????# ! # ##????????????? | | ???????????????#????## #?#?????????????? | | ????????????????????## # ##????????????? | | ????????????????????# = # #????????????? | | ????????????????????# # @ #???????? ?????? | | ????????????????????# # =% #???#???????????? | | ????????????????????# a a ##???#??????????? | | ????????????????????# # # # #???????????????? | | ??????????????# ????## ## #???????????????? | | ?????????????##??????## # #???????????????? | | ?????????????????#?#??### ## #???#???????????? | | ???????????????????????# #???????????????? | | ??????????????????#????## ????????????? | | ????????????????#??????### #????????? | | ?????????????????????????## #???????? | | ??????????????????????????# #??????? | | ??????????????????????????# ## ?????? | | ?????????????????????????? ##?? ????? | | ????????????????????????? #???? ????? | | ???????????????????????? #?????? ?????? | | ??????????????????????? ????????????? | | ?????????????????????? ????????????? | | ????????????????????? #???????????? | | ?????????????????????? ##############???????????? | | ?????????????????????????????????????????????????? | | ?????????????????????????????????????????????????? | | ?????????????????????????????????????????????????? | | ?????????????????????????????????????????????????? | | ?????????????????????????????????????????????????? | +----------------------------------------------------+ Best States ------------- Heat Dissipation 25 Energy Generation 10 Energy Capacity 250 Matter Stores 300 Matter Capacity 300 Sight Range 16 Terrain Scan Range 14 Terrain Scan Density 10 Utility Shielding 33 Evasion (%) 55 Item Schematics ----------------- None Robot Schematics ------------------ None Fabricated ------------ Nothing Repaired ---------- Nothing Studied --------- None Alien Tech Used ----------------- None Achievements -------------- None Challenges ------------ None Game ------ Seed ReflexCloakingAutobeam Manual? 0 Play Time 00:15:50 Cumulative 152.6 hours Start 2026.09.22 @ 18:36:24 End 2026.09.22 @ 19:01:38 Sessions 2 Manual Loads 0 Difficulty Rogue Special Mode None Game No. 123 Rogue 123 Adventurer 0 Explorer 0 Win Type - Total 2 Types 2/0/0/0/0/0/0/0/0/0 Lore% 22 Gallery% 46 Achievement% 31 Wizard Run 0 Options --------- Layout 1 ASCII 0 Keyboard 1 Movement Numpad Keybinds 0 Fullscreen 1 Font 32/SmallcapsGlow Map View 77x35 Zoom Use 0% Tactical HUD 1 Map Filters NONE Filters NONE Steam 1 RUN: 7b69f1d9-8f59-48cc-8c3b-59b900b51564